 Dungeon Crawl Stone Soup version 0.31.0-11-ge490571c62 (webtiles) character file.

Game seed: 4889994688817059376

7329 qw the Skirmisher (level 10, -1/45 (51) HPs)
             Began as a Spriggan Hunter on Feb 4, 2024.
             Was a Priest of Okawaru.
             Slain by a wight
             ... wielding a +5 spear
              (5 damage)
             ... on level 9 of the Dungeon.
             The game lasted 00:01:56 (7546 turns).

qw the Skirmisher (Spriggan Hunter)                 Turns: 7546, Time: 00:01:57

HP:   -1/45 (51)    AC: 11    Str:  7    XL:     10   Next: 90%
MP:   14/14         EV: 26    Int: 11    God:    Okawaru [***...]
Gold: 510           SH:  0    Dex: 23    Spells: 9/9 levels left

rFire   + . .        j - +0 orcbow
rCold   . . .        (shield currently unavailable)
rNeg    . . .        r - +0 acid dragon scales
rPois   .            (helmet restricted)
rElec   .            i - +0 cloak
rCorr   +            (gloves unavailable)
SInv    +            (boots unavailable)
Will    +....        m - amulet of the acrobat
Stlth   ++           f - +4 ring of protection
HPRegen 0.27/turn    b - ring of protection from fire
MPRegen 0.14/turn

%: acrobat
@: heavily drained, very quick
A: very small, no large weapons, unfitting armour, see invisible, speed 3
a: Renounce Religion, Heroism


You were on level 9 of the Dungeon.
You worshipped Okawaru.
Okawaru was most pleased with you.
You visited 2 branches of the dungeon, and saw 10 of its levels.

You collected 510 gold pieces.


Innate Abilities, Weirdness & Mutations

You are very small and have problems with some larger weapons.
You are too small for most types of armour.
You have supernaturally acute eyesight. (SInv)
You cover ground extremely quickly. (Speed+++)


   Skills:
 - Level 5.0 Fighting
 + Level 12.4 Ranged Weapons
 - Level 2.5 Armour
 - Level 11.8 Dodging
 - Level 1.5 Stealth
 - Level 4.0 Invocations


You had 9 spell levels left.
You didn't know any spells.
Your spell library was empty.

Inventory:

Hand Weapons
 j - a +0 orcbow (weapon)
Armour
 i - a +0 cloak (worn)
 r - +0 acid dragon scales (worn)
Jewellery
 b - a ring of protection from fire (right hand)
 f - a +4 ring of protection (left hand)
 m - an amulet of the acrobat (around neck)
 n - a ring of ice
Wands
 p - a wand of digging (9)
 s - a wand of acid (13)
 t - a wand of paralysis (14)
 u - a wand of polymorph (6)
Scrolls
 c - a scroll of identify
 d - a scroll of teleportation
Potions
 a - 5 potions of curing
 e - a potion of resistance
 h - a potion of might
 k - a potion of haste
 l - 2 potions of enlightenment

Dungeon Overview and Level Annotations

Branches:
Dungeon (9/15)             Temple (1/1) D:7
   Lair: D:8-11         Orc: D:9-12

Altars:
Ashenzari
Cheibriados
Dithmenos
Elyvilon
Fedhas
Gozag
Hepliaklqana
Kikubaaqudgha
Makhleb
Nemelex Xobeh
Okawaru
Qazlal
Ru
Sif Muna
Trog
Uskayaw
Vehumet
Wu Jian
Xom
Yredelemnul
Zin
The Shining One

Portals:
Bailey: D:7

Annotations:
D:9 1 runed translucent door, qw's ghost, journeyman GrHu


Message History

You kill the orc!
Okawaru accepts your kill. The wight completely misses you.
The orc warrior hits you with a +0 mace!
You shoot an arrow.
The arrow closely misses the orc warrior.
The wight misses you. The orc warrior completely misses you.
The orc warrior hits you but does no damage.
You shoot an arrow.
The arrow barely misses the orc warrior.
The wight hits you with a +5 mace!
You feel drained.
The orc warrior completely misses you. x2
You shoot an arrow.
The arrow hits the orc warrior but does no damage.
The orc warrior is lightly wounded.
The wight misses you. The orc warrior barely misses you. x2
You shoot an arrow.
The arrow closely misses the orc warrior.
The wight closely misses you. The orc warrior completely misses you.
The orc warrior closely misses you.
You shoot an arrow.
The arrow closely misses the orc warrior.
The wight misses you.
The orc warrior completely misses you. x2
You shoot an arrow.
The arrow closely misses the orc warrior.
The wight hits you with a +5 mace.
You feel drained. The orc warrior completely misses you.
The orc warrior misses you.
You shoot an arrow.
The arrow barely misses the orc warrior.
The wight hits you but does no damage. The wight closely misses you.
A wight comes into view. It is wielding a +5 spear.
The orc warrior misses you.
The orc warrior hits you with a +0 mace.
You shoot an arrow.
The arrow hits the orc warrior but does no damage.
The orc warrior is lightly wounded.
The wight hits you with a +0 scimitar.
You feel drained.
The wight hits you from afar with a +5 spear!
You feel drained.
You die...

#...##............#
#... ....
....###..........!#
##.... )... ...##
###.........###.....
.... ..##
##...!#....#.......
.... ..#
###.........# z...
.... ..#
##..#..#.##....#
.... ### ##
#########...# ##.# 8
##.###8###8##..###
#.
..#...#...#.o@#.##
## ............ozzz#
...)....))...z..#
7.$
..).)..).).....## 77
.. ..#...#...#...##
7.7 ! ##. ##8###8##
7.P77 ###########
### 7 7...
##......## 7(###+
##..#####.# ##}..


You could see 2 orc warriors and 4 wights.

Vanquished Creatures
  Pikel (D:9)
  An oklob plant (D:3)
  Maurice (D:7)
  Maggie (D:7)
  A tengu conjurer (D:9)
  A troll (D:7)
  Grinder (D:4)
  Prince Ribbit (D:7)
  A wyvern (D:7)
  Sigmund (D:4)
  2 vampires (D:9)
  Eustachio (D:5)
  Grum (D:9)
  Menkaure (D:7)
  An acid dragon (D:9)
  6 orc warriors
  2 sky beasts
  2 wolves (D:9)
  A centaur (D:8)
  2 lemures (D:8)
  3 bullfrogs
  A gnoll sergeant (D:5)
  8 wights
  15 killer bees
  3 howler monkeys
  An electric eel (D:9)
  2 bombardier beetles
  6 hounds
  A lava snake (D:9)
  6 jellies
  5 orc priests
  A gnoll bouda (D:8)
  4 iguanas
  2 sleepcaps (D:6)
  Natasha (D:4)
  12 orc wizards
  12 gnolls
  8 adders
  2 white imps
  2 ufetubi (D:7)
  A dart slug (D:1)
  36 orcs
  9 ball pythons
  7 endoplasms
  2 giant cockroaches
  2 hobgoblins (D:3)
  5 jackals
  3 quokkas
  7 bats
  7 frilled lizards
  12 goblins
  6 kobolds
  3 rats
224 creatures vanquished.

Notes
Turn   | Place    | Note
-------+----------+-------------------------------------------
     0 | D:1      | qw the Spriggan Hunter began the quest for the Orb.
     0 | D:1      | Reached XP level 1. HP: 10/10 MP: 2/2
     0 | D:1      | 0 ||| qw: Version: 0.3-a-160-g6735b56
     0 | D:1      | 0 ||| qw: Game counter: 5754
     0 | D:1      | 0 ||| qw: Melee chars always use a shield: true
     0 | D:1      | 0 ||| qw: God list: Okawaru
     0 | D:1      | 0 ||| qw: Allow faded altars: false
     0 | D:1      | 0 ||| qw: Do Orc after clearing Dungeon:15 true
     0 | D:1      | 0 ||| qw: Do second Lair branch before Depths: true
     0 | D:1      | 0 ||| qw: Lair rune preference: random
     0 | D:1      | 0 ||| qw: Goals: Normal
     0 | D:1      | 0 ||| PLANNING D:1-11
    47 | D:1      | Reached skill level 3 in Dodging
   134 | D:1      | Reached XP level 2. HP: 14/14 MP: 3/3
   377 | D:1      | Found a faded altar of an unknown god.
   723 | D:1      | 723 ||| UPGRADING to +4 ring of protection.
   724 | D:1      | 724 ||| DROPPING scroll of butterflies.
   870 | D:2      | Reached XP level 3. HP: 18/18 MP: 4/4
  1062 | D:2      | 1062 ||| RETREEEEATING.
  1064 | D:2      | 1064 ||| RETREEEEATING.
  1066 | D:2      | 1066 ||| RETREEEEATING.
  1069 | D:2      | 1069 ||| RETREEEEATING.
  1082 | D:2      | 1082 ||| RETREEEEATING.
  1084 | D:2      | 1084 ||| RETREEEEATING.
  1088 | D:2      | Reached skill level 5 in Ranged Weapons
  1089 | D:2      | Reached XP level 4. HP: 18/22 MP: 5/5
  1341 | D:2      | 1341 ||| UPGRADING to ring of protection from fire.
  1342 | D:2      | 1342 ||| READING 2 scrolls labelled OTAFICH AMNINN.
  1345 | D:2      | 1345 ||| READING 2 scrolls labelled EHUEMI WET KUG.
  1345 | D:2      | 1345 ||| IDENTIFYING golden potion
  1346 | D:2      | 1346 ||| READING scroll of identify.
  1346 | D:2      | 1346 ||| IDENTIFYING bubbling yellow potion
  1347 | D:2      | 1347 ||| DROPPING potion of brilliance.
  1436 | D:3      | HP: 5/22 [orc/+0 mace (5)]
  1437 | D:3      | 1437 ||| READING scroll of teleportation.
  1486 | D:3      | 1486 ||| FLEEEEING.
  1487 | D:3      | 1487 ||| FLEEEEING.
  1494 | D:3      | 1494 ||| FLEEEEING.
  1495 | D:3      | 1495 ||| FLEEEEING.
  1496 | D:3      | 1496 ||| FLEEEEING.
  1497 | D:3      | 1497 ||| FLEEEEING.
  1499 | D:3      | 1499 ||| STAIRDANCE
  1554 | D:3      | Found a stormy altar of Qazlal.
  1570 | D:3      | Reached XP level 5. HP: 26/26 MP: 6/6
  1853 | D:3      | Found a blossoming altar of Fedhas.
  1872 | D:3      | Noticed an oklob plant
  1898 | D:3      | Killed an oklob plant
  1899 | D:3      | Reached skill level 7 in Ranged Weapons
  1899 | D:3      | Reached XP level 6. HP: 30/30 MP: 7/7
  1899 | D:3      | Reached XP level 7. HP: 35/35 MP: 8/8
  2176 | D:3      | 2176 ||| UPGRADING to amulet of the acrobat.
  2181 | D:3      | 2181 ||| READING scroll labelled UNUOMEUPSU.
  2181 | D:3      | 2181 ||| ENCHANTING +0 shortbow.
  2182 | D:3      | 2182 ||| READING scroll labelled DOTSIA BYUDU.
  2226 | D:4      | Found a shadowy altar of Dithmenos.
  2226 | D:4      | Found a shimmering blue altar of Sif Muna.
  2389 | D:4      | Found a broken altar of Ashenzari.
  2425 | D:4      | Identified the +11 sling "Peocs" {freeze, Str+2 Stlth+}
  2427 | D:4      | 2427 ||| SWAPPING to +11 sling "Peocs" {freeze, Str+2
                  | Stlth+}.
  2428 | D:4      | 2428 ||| DROPPING +1 shortbow.
  2522 | D:4      | Reached skill level 6 in Dodging
  2620 | D:4      | Found a sacrificial altar of Ru.
  2654 | D:4      | Noticed Natasha
  2657 | D:4      | Killed Natasha
  2751 | D:4      | Noticed Sigmund
  2753 | D:4      | Killed Sigmund
  2754 | D:4      | Reached skill level 8 in Ranged Weapons
  2786 | D:4      | Noticed Grinder
  2795 | D:4      | Killed Grinder
  2796 | D:4      | Reached skill level 3 in Fighting
  2796 | D:4      | Reached XP level 8. HP: 25/40 MP: 9/9
  2907 | D:4      | 2907 ||| DROPPING ring of wizardry.
  2908 | D:4      | 2908 ||| READING 2 scrolls of identify.
  2908 | D:4      | 2908 ||| IDENTIFYING amethyst potion
  2909 | D:4      | 2909 ||| READING scroll of identify.
  2909 | D:4      | 2909 ||| IDENTIFYING viscous ruby potion
  2910 | D:4      | 2910 ||| READING scroll labelled BIOCSU LINAO.
  2911 | D:4      | 2911 ||| DROPPING potion of invisibility.
  2931 | D:5      | Entered Level 5 of the Dungeon
  3093 | D:5      | 3093 ||| DROPPING +4 sling.
  3099 | D:5      | Found a hide-covered altar of Uskayaw.
  3099 | D:5      | Noticed a +0 falchion
  3099 | D:5      | Noticed a +0 dagger
  3100 | D:5      | Noticed a +0 spear
  3106 | D:5      | Noticed a +0 spear
  3106 | D:5      | Noticed a +0 falchion
  3106 | D:5      | Noticed a +0 short sword
  3108 | D:5      | Noticed a +0 dagger
  3108 | D:5      | Noticed a +0 short sword
  3396 | D:5      | Noticed Eustachio
  3401 | D:5      | 3401 ||| RETREEEEATING.
  3403 | D:5      | Killed Eustachio
  3404 | D:5      | Reached skill level 9 in Ranged Weapons
  3429 | D:5      | 3429 ||| FLEEEEING.
  3430 | D:5      | 3430 ||| FLEEEEING.
  3525 | D:5      | Found a sparkling altar of Nemelex Xobeh.
  3649 | D:5      | Found a snail-covered altar of Cheibriados.
  3654 | D:5      | 3654 ||| READING scroll labelled BAWNYMEUDE.
  3755 | D:5      | 3755 ||| DRINKING 2 brown potions.
  3756 | D:5      | 3756 ||| DRINKING 3 green potions.
  3787 | D:6      | 3787 ||| STAIRDANCE
  3793 | D:5      | Reached skill level 9 in Dodging
  3807 | D:6      | 3807 ||| STAIRDANCE
  3809 | D:5      | 3809 ||| RETREEEEATING.
  3810 | D:5      | 3810 ||| RETREEEEATING.
  3811 | D:5      | 3811 ||| FLEEEEING.
  3812 | D:5      | 3812 ||| RETREEEEATING.
  3813 | D:5      | 3813 ||| RETREEEEATING.
  3814 | D:5      | 3814 ||| RETREEEEATING.
  3815 | D:5      | 3815 ||| RETREEEEATING.
  3816 | D:5      | 3816 ||| RETREEEEATING.
  3817 | D:5      | 3817 ||| RETREEEEATING.
  3947 | D:6      | Reached XP level 9. HP: 44/44 MP: 10/10
  4048 | D:6      | Reached skill level 10 in Ranged Weapons
  4180 | D:6      | Found a burning altar of Makhleb.
  4380 | D:6      | 4380 ||| READING scroll of identify.
  4380 | D:6      | 4380 ||| IDENTIFYING grey potion
  4381 | D:6      | 4381 ||| READING scroll labelled GAXUPA SIZEUST.
  4592 | D:7      | Found a staircase to the Ecumenical Temple.
  4592 | D:7      | Noticed Maurice
  4593 | D:7      | 4593 ||| PLANNING TEMPLE
  4606 | D:7      | Killed Maurice
  4611 | D:7      | 4611 ||| RETREEEEATING.
  4612 | D:7      | 4612 ||| RETREEEEATING.
  4613 | D:7      | 4613 ||| RETREEEEATING.
  4614 | D:7      | 4614 ||| RETREEEEATING.
  4619 | D:7      | 4619 ||| RETREEEEATING.
  4622 | D:7      | 4622 ||| RETREEEEATING.
  4623 | D:7      | 4623 ||| RETREEEEATING.
  4624 | D:7      | 4624 ||| RETREEEEATING.
  4626 | D:7      | 4626 ||| RETREEEEATING.
  4627 | D:7      | 4627 ||| RETREEEEATING.
  4628 | D:7      | 4628 ||| RETREEEEATING.
  4629 | D:7      | 4629 ||| RETREEEEATING.
  4630 | D:7      | 4630 ||| RETREEEEATING.
  4631 | D:7      | 4631 ||| RETREEEEATING.
  4661 | Temple   | Entered the Ecumenical Temple
  4662 | Temple   | 4662 ||| PLANNING OKAWARU WORSHIP
  4673 | Temple   | Became a worshipper of Warmaster Okawaru
  4674 | Temple   | 4674 ||| PLANNING D:1-11
  4693 | D:7      | Noticed a troll
  4705 | D:7      | Killed a troll
  4789 | D:7      | Found a flagged portal.
  4791 | D:7      | Noticed Maggie
  4797 | D:7      | 4797 ||| ZAPPING wand of acid (11) at -3,-5 (Maggie;
                  | floor).
  4802 | D:7      | Killed Maggie
  4803 | D:7      | Reached skill level 11 in Ranged Weapons
  4827 | D:7      | Noticed Menkaure
  4834 | D:7      | Killed Menkaure
  4927 | D:7      | Noticed Prince Ribbit
  4934 | D:7      | Killed Prince Ribbit
  4934 | D:7      | Reached * piety under Okawaru
  4935 | D:7      | Reached XP level 10. HP: 49/49 MP: 11/11
  5003 | D:7      | Reached skill level 1 in Invocations
  5132 | D:7      | Found an opulent altar of Gozag.
  5437 | D:7      | 5437 ||| UPGRADING to +0 cloak.
  5442 | D:7      | 5442 ||| UPGRADING to +0 acid dragon scales.
  5452 | D:7      | 5452 ||| DROPPING +0 robe.
  5453 | D:7      | 5453 ||| READING scroll labelled RAWAVU MAHU.
  5454 | D:7      | 5454 ||| DRINKING 2 murky brown potions.
  5455 | D:7      | 5455 ||| DROPPING potion of degeneration.
  5471 | D:8      | 5471 ||| STAIRDANCE
  5692 | D:8      | Reached skill level 1 in Armour
  5746 | D:8      | Reached skill level 3 in Invocations
  5761 | D:8      | Reached ** piety under Okawaru
  5805 | D:8      | 5805 ||| SWAPPING to +0 orcbow.
  5806 | D:8      | 5806 ||| DROPPING +11 sling "Peocs" {freeze, Str+2 Stlth+}.
  6246 | D:8      | 6246 ||| READING 2 scrolls of identify.
  6246 | D:8      | 6246 ||| IDENTIFYING pink potion
  6247 | D:8      | 6247 ||| READING scroll of identify.
  6247 | D:8      | 6247 ||| IDENTIFYING fuming dark potion
  6248 | D:8      | 6248 ||| DROPPING potion of berserk rage.
  6277 | D:9      | Noticed Pikel
  6278 | D:9      | 6278 ||| STAIRDANCE
  6344 | D:9      | 6344 ||| STAIRDANCE
  6355 | D:9      | 6355 ||| STAIRDANCE
  6373 | D:9      | 6373 ||| STAIRDANCE
  6379 | D:9      | 6379 ||| STAIRDANCE
  6631 | D:9      | Found a runed translucent door.
  6633 | D:9      | Identified the +9 trident of Rinlaaps {antimagic, rF+
                  | Dex+3}
  6634 | D:9      | Noticed qw's ghost (journeyman GrHu)
  6668 | D:9      | Reached skill level 12 in Ranged Weapons
  6678 | D:9      | 6678 ||| RETREEEEATING.
  6680 | D:9      | 6680 ||| RETREEEEATING.
  6681 | D:9      | 6681 ||| RETREEEEATING.
  6683 | D:9      | 6683 ||| RETREEEEATING.
  6684 | D:9      | 6684 ||| RETREEEEATING.
  6685 | D:9      | 6685 ||| RETREEEEATING.
  6687 | D:9      | 6687 ||| RETREEEEATING.
  6688 | D:9      | 6688 ||| RETREEEEATING.
  6691 | D:9      | 6691 ||| RETREEEEATING.
  6692 | D:9      | 6692 ||| RETREEEEATING.
  6693 | D:9      | 6693 ||| RETREEEEATING.
  6694 | D:9      | 6694 ||| RETREEEEATING.
  6695 | D:9      | 6695 ||| RETREEEEATING.
  6696 | D:9      | 6696 ||| RETREEEEATING.
  6697 | D:9      | 6697 ||| RETREEEEATING.
  6701 | D:9      | HP: 11/50 [orc warrior/+0 glaive (18)]
  6702 | D:9      | 6702 ||| READING 3 scrolls of teleportation.
  6703 | D:9      | 6703 ||| DRINKING 2 potions of heal wounds.
  6934 | D:9      | HP: 8/49 [killer bee (8)]
  6935 | D:9      | 6935 ||| READING 2 scrolls of teleportation.
  6936 | D:9      | 6936 ||| DRINKING potion of heal wounds.
  7190 | D:9      | 7190 ||| INVOKING Heroism.
  7198 | D:9      | Noticed Grum
  7201 | D:9      | 7201 ||| RETREEEEATING.
  7202 | D:9      | 7202 ||| RETREEEEATING.
  7203 | D:9      | 7203 ||| RETREEEEATING.
  7205 | D:9      | Killed Pikel
  7213 | D:9      | Killed Grum
  7241 | D:9      | Reached *** piety under Okawaru
  7522 | D:9      | 7522 ||| RETREEEEATING.
  7523 | D:9      | 7523 ||| RETREEEEATING.
  7525 | D:9      | 7525 ||| RETREEEEATING.
  7526 | D:9      | 7526 ||| RETREEEEATING.
  7528 | D:9      | 7528 ||| RETREEEEATING.
  7529 | D:9      | 7529 ||| RETREEEEATING.
  7536 | D:9      | 7536 ||| RETREEEEATING.
  7546 | D:9      | HP: 4/46 [wight/+5 spear (11)]
  7546 | D:9      | Slain by a wight

Levels and vault maps discovered:
D:1:      dpeg_arrival_long_road, layout_loops_ring,
          dreamdust_ecumenical_altar_hidden_monk_grotto
D:2:      layout_basic
D:3:      layout_loops_ring, nicolae_qazlal_general_emergency, tgw_fedhas,
          feat_on_display
D:4:      layout_gridville, nicolae_ru_awakened_eye, jmf_multi_god_temple,
          ashenzari_altar_1, minmay_tree_intersection, minmay_curled_crystal,
          uniq_sigmund, uniq_grinder, uniq_natasha
D:5:      layout_basic, nemelex_spade_bored_becter, nicolae_uskayaw_en_pointe,
          mainiacjoe_overflow_alcove_1, uniq_eustachio
D:6:      layout_loops_cross, makhleb_heckhound_becter,
          kennysheep_generic_room_12
D:7:      layout_basic, mainiacjoe_overflow_24_doors, minmay_temple_entry_ruins,
          enter_bailey_2, uniq_maurice, uniq_maggie, uniq_menkaure,
          uniq_prince_ribbit1
D:8:      layout_rooms, serial_corexii_hall, chequers_hall_statues_y,
          corexii_hall_statues_x
D:9:      layout_layer_cave, david_orc_4, ebering_ghost_funeral_grove,
          nicolae_lava_and_water, uniq_grum, uniq_pikel
Temple:   bh_familiar_temple

Skill      XL: |  1  2  3  4  5  6  7  8  9 10 |
---------------+-------------------------------+-----
Dodging        | 3 4 5 7 9 11 | 11.8
Ranged Weapons | 5 7 8 9 11 12 | 12.4
Fighting       | 2 3 4 5 |  5.0
Invocations    | 4 |  4.0
Armour         | 2 |  2.5
Stealth        | |  1.5

Action                     |  1- 3 |  4- 6 |  7- 9 | 10-12 || total
---------------------------+-------+-------+-------+-------++-------
   Fire: Shortbow          |    91 |   113 |    37 |       ||   241
         Sling             |       |       |   207 |    70 ||   277
         Orcbow            |       |       |       |   261 ||   261
 Invoke: Heroism           |       |       |       |     1 ||     1
  Evoke: Wand              |       |       |     1 |       ||     1
    Use: Scroll            |       |     4 |     8 |     5 ||    17
         Potion            |       |       |     2 |     3 ||     5
 Armour: Robe              |     9 |    14 |    17 |       ||    40
         Acid dragon scale |       |       |       |    80 ||    80
  Dodge: Dodged            |    30 |    49 |   126 |   279 ||   484

Table legend:
 A = Non-vault XP
 B = Vault XP
 C = Vault XP percentage of total XP
 D = Non-vault monster count
 E = Vault monster count
 F = Vault count percentage of total count
                 A         B        C        D         E       F
            +---------+---------+-------+---------+---------+-------
      Total |    6286 |    4185 |  40.0 |     192 |      30 |  13.5
            +---------+---------+-------+---------+---------+-------
        D:1 |      33 |       0 |   0.0 |      20 |       0 |   0.0
        D:2 |     102 |       0 |   0.0 |      25 |       0 |   0.0
        D:3 |     114 |     512 |  81.8 |      23 |       1 |   4.2
        D:4 |     287 |     574 |  66.7 |      16 |       5 |  23.8
        D:5 |     787 |     208 |  20.9 |      24 |       1 |   4.0
        D:6 |     533 |      94 |  15.0 |      13 |       2 |  13.3
        D:7 |    1591 |    1325 |  45.4 |      21 |       4 |  16.0
        D:8 |    1213 |       0 |   0.0 |      30 |       0 |   0.0
        D:9 |    1626 |    1472 |  47.5 |      20 |      17 |  45.9
            +---------+---------+-------+---------+---------+-------
